 Dungeon Crawl Stone Soup version 0.30.1-11-g7821555f0a (webtiles) character file.

Game seed: 2148807357329816245

55 Buffagor the Chopper (level 3, -1/29 HPs)
             Began as a Demonspawn Berserker on Dec 1, 2023.
             Was a Believer of Trog.
             Slain by a water moccasin (5 damage)
             ... on level 3 of the Dungeon.
             The game lasted 00:02:57 (1555 turns).

Buffagor the Chopper (Demonspawn Berserker)         Turns: 1555, Time: 00:02:58

Health: -1/29      AC:  2    Str: 19    XL:     3   Next: 67%
Magic:  3/3        EV: 12    Int:  8    God:    Trog [**....]
Gold:   103        SH:  0    Dex: 12    Spells: 2/2 levels left

rFire   . . .        a - +0 hand axe
rCold   . . .        (no shield)
rNeg    . . .        b - +0 animal skin
rPois   .            (no helmet)
rElec   .            (no cloak)
rCorr   .            (no gloves)
SInv    .            (no boots)
Will    .....        (no amulet)
Stlth   +            (no ring)
HPRegen 0.24/turn    (no ring)
MPRegen 0.08/turn

%: no passive effects
@: lethally poisoned (-1 -> -9)
A: hooves 1, foul stench 1
a: Renounce Religion, Berserk, Trog's Hand


You were on level 3 of the Dungeon.
You worshipped Trog.
Trog was pleased with you.
You visited 1 branch of the dungeon, and saw 3 of its levels.

You collected 103 gold pieces.

Inventory:

Hand Weapons
 a - a +0 hand axe (weapon)
 m - a +0 sling
Missiles
 i - 18 stones
Armour
 b - a +0 animal skin (worn)
Jewellery
 j - a ring of ice
Scrolls
 c - a scroll of magic mapping {unknown}
 e - a scroll of fear {unknown}
 g - a scroll of immolation {unknown}
Potions
 d - 3 potions of heal wounds {unknown}
 f - a potion of degeneration {unknown}
 h - a potion of brilliance {unknown}
 k - a potion of curing {unknown}
 l - a potion of lignification {unknown}


   Skills:
 - Level 3.0 Fighting
 + Level 4.3 Axes
 - Level 1.7 Armour
 - Level 1.7 Dodging


You had 2 spell levels left.
You didn't know any spells.
Your spell library was empty.

Dungeon Overview and Level Annotations

Branches:
Dungeon (3/15)

Altars:
Vehumet


Innate Abilities, Weirdness & Mutations

You have large cloven feet.
You may rarely emit foul miasma when damaged in melee.


Message History

You are too injured to fight recklessly!
You are too injured to fight recklessly!
You are too injured to fight recklessly!
You are too injured to fight recklessly!
You are too injured to fight recklessly!
You are too injured to fight recklessly!
You are too injured to fight recklessly!
You are too injured to fight recklessly!
You are too injured to fight recklessly!
You are too injured to fight recklessly!
Unknown command.
You are too injured to fight recklessly!
You hit the endoplasm.
The endoplasm is heavily wounded.
You hit the water moccasin.
The water moccasin completely misses you.
The water moccasin bites you. The endoplasm barely misses you.
You hit the endoplasm but do no damage. You kick the endoplasm.
The endoplasm is severely wounded.
You hit the water moccasin. The water moccasin bites you.
The endoplasm barely misses you.
You hit the endoplasm.
The endoplasm is almost dead.
You hit the water moccasin but do no damage.
The water moccasin bites you.
You are lethally poisoned!
The water moccasin poisons you!
You emit a cloud of foul miasma!
The endoplasm hits you.
* * * LOW HITPOINT WARNING * * *
The water moccasin is engulfed in dark miasma.
The water moccasin closely misses you.
You hit the endoplasm.
You kill the endoplasm!
Trog accepts your kill.
You closely miss the water moccasin.
* * * LOW HITPOINT WARNING * * *
You feel very sick.
The water moccasin is engulfed in dark miasma.
The water moccasin bites you.
You die...

#############
.......<....#
.##########.#
#.##
#####.#.########
....###.......#
##..#.######.#
###.#.## #....@#
.......S#
........#
.(......#
###......
#...### #.#.
#<#.


You could see a water moccasin.

Vanquished Creatures
  An adder (D:2)
  A gnoll (D:1)
  A worm (D:2)
  3 ball pythons
  3 bats
  3 endoplasms
  3 giant cockroaches (D:1)
  2 goblins
  2 hobgoblins (D:1)
  2 kobolds (D:1)
  5 quokkas
  2 frilled lizards (D:1)
  2 rats (D:1)
30 creatures vanquished.

Notes
Turn   | Place    | Note
-------+----------+-------------------------------------------
     0 | D:1      | Buffagor the Demonspawn Berserker began the quest for the
                  | Orb.
     0 | D:1      | Reached XP level 1. HP: 18/18 MP: 1/1
    87 | D:1      | Reached skill level 3 in Axes
    87 | D:1      | Gained mutation: You have large cloven feet. [demonic
                  | ancestry]
    87 | D:1      | Reached XP level 2. HP: 9/24 MP: 2/2
   409 | D:1      | Gained mutation: You may rarely emit foul miasma when
                  | damaged in melee. [demonic ancestry]
   409 | D:1      | Reached XP level 3. HP: 29/29 MP: 3/3
   816 | D:2      | Reached skill level 4 in Axes
   913 | D:2      | Reached ** piety under Trog
   969 | D:2      | Found a faded altar of an unknown god.
  1153 | D:2      | Found a radiant altar of Vehumet.
  1547 | D:3      | Noticed a water moccasin
  1555 | D:3      | Slain by a water moccasin

Illustrated notes

Levels and vault maps discovered:
D:1:      matt_arrival_grand_opening, layout_loops_ring
D:2:      layout_rooms, shapermc_ecumenical_altar_totnotflames, basic_altar
D:3:      layout_loops_ring, uniq_natasha

Skill      XL: |  1  2  3 |
---------------+----------+-----
Axes           | 3 4 |  4.3
Fighting       | |  3.0
Armour         | |  1.7
Dodging        | |  1.7

Action                     || total
---------------------------++-------
  Melee: Hand axe          ||    98
         Kick              ||    10
  Throw: Stone             ||     8
 Invoke: Berserk           ||     1
 Armour: Animal skin       ||    20
  Dodge: Dodged            ||    90
